 Dungeon Crawl Stone Soup version 0.26-a0-597-gb535b0901c (webtiles) character file.

Game seed: 5169003909378595258

22 Lanoc the Sneak (level 2, 0/27 HPs)
             Began as a Draconian Delver on Aug 28, 2020.
             Killed from afar by an orc wizard (10 damage)
             ... with a puff of flame
             ... on level 3 of the Dungeon.
             The game lasted 00:00:24 (256 turns).

Lanoc the Sneak (Draconian Delver)                   Turns: 256, Time: 00:00:25

Health: 0/27       AC:  4    Str: 14    XL:     2   Next: 68%
Magic:  2/2        EV: 12    Int: 10    God:
Gold:   0          SH:  0    Dex: 12    Spells: 1/1 levels left

rFire    . . .     SeeInvis .   a - +0 falchion
rCold    . . .     Faith    .   (no shield)
rNeg     . . .     Spirit   .   (armour unavailable)
rPois    .         Reflect  .   (helmet restricted)
rElec    .         Harm     .   (no cloak)
rCorr    .         Rnd*Tele +   (no gloves)
MR       .....                  (no boots)
Stlth    +++.......             (no amulet)
HPRegen  0.09/turn              g - ring of teleportation (curse)
MPRegen  0.08/turn              (no ring)

@: no status effects
A: unfitting armour, cold-blooded, AC +4
a: no special abilities


You were on level 3 of the Dungeon.
You visited 1 branch of the dungeon, and saw 3 of its levels.

Inventory:

Hand Weapons
 a - a +0 falchion (weapon)
Jewellery
 g - a cursed ring of teleportation (left hand)
Wands
 f - a wand of digging (3)
Scrolls
 b - a scroll of fog
 c - a scroll of magic mapping
 d - 2 scrolls of fear
Potions
 e - a potion of haste


   Skills:
 + Level 3.9 Fighting
 - Level 2.0 Long Blades
 + Level 2.4 Dodging
 - Level 4.5 Stealth


You had one spell level left.
You didn't know any spells.
Your spell library was empty.

Dungeon Overview and Level Annotations

Branches:
Dungeon (5/15)
 Temple: D:4-7

Altars:


Innate Abilities, Weirdness & Mutations

Your plain brown scales are hard. (AC +4)
You cannot fit into any form of body armour.
You are cold-blooded and may be slowed by cold attacks.


Message History

You closely miss the orc wizard.
The orc wizard is heavily wounded.
The orc hits you with a cursed -2 short sword.
The orc wizard hits you but does no damage.
The orc hits you with a +0 dagger. The orc barely misses you.
You riposte.
You hit the orc.
The orc is heavily wounded.
You hit the orc wizard but do no damage.
The orc wizard is heavily wounded.
The orc wizard hits you but does no damage.
The orc hits you with a +0 dagger.
The orc hits you with a cursed -2 short sword.
There are monsters nearby!
You are too injured to fight recklessly!
You hit the orc wizard. You tail-slap the orc wizard.
The orc wizard is almost dead.
The orc closely misses you.
The orc wizard points at you and mumbles some strange words.
The puff of flame hits you!
You die...

#..# #..# ...#
#.##..# #.##..#
####.##..#
..#...#oo#
#.#...#@o#
#.#...#..#
#.##.##††#
#.##.##..#
##.#.#.#..#
#.###...###.†.#
#......## ##..#
##.###)†.###.#.#
.........#.#.##.#


You could see an orc wizard and 2 orcs.

Vanquished Creatures
  An adder (D:3)
  2 leopard geckos (D:3)
  A hobgoblin (D:3)
  3 jackals (D:3)
  A quokka (D:3)
  A bat (D:3)
  A goblin (D:3)
  A kobold (D:3)
11 creatures vanquished.

Notes
Turn   | Place    | Note
-------+----------+-------------------------------------------
     0 | D:5      | Lanoc the Draconian Delver began the quest for the Orb.
     0 | D:5      | Reached XP level 1. HP: 19/19 MP: 1/1
     4 | D:5      | Noticed an iguana
    68 | D:3      | Reached XP level 2. HP: 21/27 MP: 2/2
   256 | D:3      | Killed from afar by an orc wizard

Illustrated notes

Levels and vault maps discovered:
D:3:      layout_loops_ring, trog_book, uniq_crazy_yiuf_cottage
D:4:      layout_basic, kennysheep_dice
D:5:      layout_cave_pools, marbit_many_paths, serial_undead, serial_undead_e,
          serial_undead_f, serial_undead_d, serial_undead_b, serial_undead_c,
          serial_undead_b, serial_undead_c, serial_undead_d,
          chequers_serial_rivers_large_b, minmay_manual_mail

Skill      XL: |  1 |
---------------+----+-----
Dodging        | 2 |  2.4
Fighting       | |  3.9
Long Blades    | |  2.0
Stealth        | |  4.5

Action                   || total
-------------------------++-------
Melee: Falchion          ||    36
       Tailslap          ||     7
 Stab: Distracted        ||     1
Armor: Skin              ||    16
Dodge: Dodged            ||    37
       Rpst.: Falchion   ||    12

Table legend: (Time is in decaauts)
 A = Elapsed time spent in this place.
 B = Non-inter-level travel time spent in this place.
 C = Inter-level travel time spent in this place.
 D = Time resting spent in this place.
 E = Time spent auto-exploring this place.
 F = Levels seen in this place.
 G = Mean time per level.
                   A        B        C        D        E       F      G
               +--------+--------+--------+--------+--------+-----+--------+
         Total |    261 |    261 |      0 |      0 |    180 |   3 |   87.0 |
       Dungeon |    261 |    261 |      0 |      0 |    180 |   3 |   87.0 |
               +--------+--------+--------+--------+--------+-----+--------+

Top non-repeatable levels by time:
     D:3: 226 daAuts
     D:4: 29 daAuts
     D:5: 6 daAuts
